 Dungeon Crawl Stone Soup version 0.31-a0-868-g674d60d6f7 (webtiles) character file.

Game seed: 14531485945826483270

91 cowhearter the Cutter (level 4, -5/35 HPs)
             Began as a Demonspawn Monk on Oct 12, 2023.
             Killed from afar by Ijyb (18 damage)
             ... with a bolt of light
             ... on level 3 of the Dungeon.
             The game lasted 00:04:49 (2104 turns).

cowhearter the Cutter (Demonspawn Monk)             Turns: 2104, Time: 00:04:49

Health: -5/35      AC:  2    Str: 12    XL:     4   Next: 34%
Magic:  4/4        EV: 13    Int: 11    God:
Gold:   140        SH:  0    Dex: 17    Spells: 3/3 levels left

rFire   . . .        m - +3 dagger
rCold   . . .        d - orb {light}
rNeg    . . .        b - +0 robe
rPois   .            (no helmet)
rElec   .            (no cloak)
rCorr   .            (no gloves)
SInv    .            (no boots)
Will    .....        (no amulet)
Stlth   +            (no ring)
HPRegen 0.25/turn    (no ring)
MPRegen 0.09/turn

%: no passive effects
@: confused, glowing
A: claws 1
a: no special abilities


You were on level 3 of the Dungeon.
You visited 1 branch of the dungeon, and saw 3 of its levels.

You collected 140 gold pieces.

Inventory:

Hand Weapons
 a - a +0 short sword
 m - a +3 dagger (weapon)
Missiles
 e - 5 poisoned darts
Armour
 b - a +0 robe (worn)
 d - an orb of light (worn)
Wands
 f - a wand of roots (7)
Scrolls
 h - a scroll of teleportation {unknown}
 k - a scroll of blinking {unknown}
 l - a scroll of vulnerability {unknown}
Potions
 c - a potion of ambrosia
 g - 2 potions of degeneration {unknown}
 i - a potion of berserk rage {unknown}
 j - a potion of curing {unknown}


   Skills:
 + Level 3.5 Fighting
 * Level 3.7 Short Blades
 + Level 3.2 Dodging
 * Level 1.1 Stealth


You had 3 spell levels left.
You didn't know any spells.
Your spell library was empty.

Dungeon Overview and Level Annotations

Branches:
Dungeon (3/15)

Altars:

Annotations:
D:3 Ijyb


Innate Abilities, Weirdness & Mutations

You have sharp fingernails.


Message History

There are monsters nearby!
There are monsters nearby!
The orc throws a boomerang.
The boomerang barely misses you.
There is a stone staircase leading up here.
There are monsters nearby!
There is a stone staircase leading up here.
The orc hits you with a +0 whip.
Ijyb zaps a wand.
The bolt of light hits the orc!!
The orc dies!
The bolt of light hits you!
You are confused.
You climb upwards.
There is a stone staircase leading down here.
You bump into the rock wall.
You feel less confused.
You see here an orc corpse.
You see here an orc corpse.
There is a stone staircase leading down here.
You start resting.
HP restored.
You climb downwards.
Level annotation: Ijyb
There is a stone staircase leading up here.
Ijyb hits you with a +0 club.
You hit Ijyb but do no damage. Ijyb closely misses you.
You hit Ijyb but do no damage. You barely miss Ijyb.
Ijyb zaps a wand.
The bolt of light misses you.
You hit Ijyb but do no damage. Ijyb closely misses you.
You closely miss Ijyb. Ijyb hits you with a +0 club.
You hit Ijyb but do no damage. Ijyb misses you.
You hit Ijyb but do no damage.
Ijyb zaps a wand.
The bolt of light hits you!
You are confused.
You barely miss Ijyb. Ijyb attacks as she pursues you! Ijyb closely misses you.
You hit Ijyb.
Ijyb is lightly wounded.
Ijyb zaps a wand.
The bolt of light hits you!!
You are more confused.
Ouch! That really hurt!
You die...

.............
########.#.##
.....## # ...>..#
......# ......#
######...)..# ..
#...........#
....#.........###
.......@<.......#
.......g.[......#
.................
......[.........#
.......#(.......#
.......######....
#..#### .... ##.
.## #


You could see Ijyb.

Vanquished Creatures
  A gnoll (D:1)
  4 adders (D:2)
  A dart slug (D:1)
  An orc (D:2)
  2 ball pythons (D:2)
  7 endoplasms
  3 giant cockroaches
  4 goblins
  3 hobgoblins
  2 bats
  5 frilled lizards
  3 kobolds
  7 rats
43 creatures vanquished.

Vanquished Creatures (others)
  An orc (D:3)
1 creature vanquished.

Grand Total: 44 creatures vanquished

Notes
Turn   | Place    | Note
-------+----------+-------------------------------------------
     0 | D:1      | cowhearter the Demonspawn Monk began the quest for the Orb.
     0 | D:1      | Reached XP level 1. HP: 18/18 MP: 1/1
   295 | D:1      | Gained mutation: You have sharp fingernails. [demonic
                  | ancestry]
   295 | D:1      | Reached XP level 2. HP: 20/24 MP: 2/2
   508 | D:1      | Found a faded altar of an unknown god.
   834 | D:2      | Reached XP level 3. HP: 29/29 MP: 3/3
  1166 | D:2      | You fall into a shaft and drop 1 floor!
  1400 | D:2      | Reached skill level 1 in Stealth
  1400 | D:2      | Reached XP level 4. HP: 30/35 MP: 4/4
  1867 | D:3      | Noticed Ijyb
  2104 | D:3      | Killed from afar by Ijyb

Illustrated notes

Levels and vault maps discovered:
D:1:      minmay_arrival_jagged, layout_basic,
          shapermc_ecumenical_altar_acropolis, dk_noncrumbling_4,
          nicolae_twisty_statue_hallways
D:2:      layout_basic
D:3:      layout_basic, nicolae_gozag_seed_capital, nicolae_the_louvre,
          uniq_ijyb, uniq_jessica

Skill      XL: |  1  2  3 |
---------------+----------+-----
Short Blades   | 3 |  3.7
Dodging        | 3 |  3.2
Stealth        | 1 |  1.1
Fighting       | |  3.5

Action                     |  1- 3 |  4- 6 || total
---------------------------+-------+-------++-------
  Melee: Short sword       |   110 |    43 ||   153
         Dagger            |       |    10 ||    10
 Armour: Robe              |    34 |    20 ||    54
  Dodge: Dodged            |    68 |    39 ||   107

Table legend: (Time is in decaauts)
 A = Elapsed time spent in this place.
 B = Non-inter-level travel time spent in this place.
 C = Inter-level travel time spent in this place.
 D = Time resting spent in this place.
 E = Time spent auto-exploring this place.
 F = Levels seen in this place.
 G = Mean time per level.
                   A        B        C        D        E       F      G
               +--------+--------+--------+--------+--------+-----+--------+
         Total |   2081 |   2081 |      0 |    382 |   1261 |   3 |  693.7 |
       Dungeon |   2081 |   2081 |      0 |    382 |   1261 |   3 |  693.7 |
               +--------+--------+--------+--------+--------+-----+--------+

Top non-repeatable levels by time:
     D:2: 1228 daAuts
     D:1: 811 daAuts
     D:3: 41 daAuts
